WCHLSIM.com - West Coast Hockey League
html PUBLIC "-//W3C//DTD XHTML 1.0 Transitional//EN" "http://www.w3.org/TR/xhtml1/DTD/xhtml1-transitional.dtd"> WCHL - Game 890 - CALGARY FIREMEN vs SALEM BLACK JAYS

CALGARY FIREMEN vs SALEM BLACK JAYS

Created - 22 février 2020 at 10:34

Goals
1 2 3 T
CALGARY FIREMEN 0 2 0 2
SALEM BLACK JAYS 0 0 1 1
Shots
1 2 3 T
CALGARY FIREMEN 6 14 8 28
SALEM BLACK JAYS 7 6 11 24

1st period

No Goal

Penalties :
No Penalty

2nd period

1. CALGARY FIREMEN , Filip Forsberg 41 (Ryan Johansen 70, Viktor Arvidsson 40) at 10:58
2. CALGARY FIREMEN , Filip Forsberg 42 (Ryan Johansen 71, Viktor Arvidsson 41) at 17:54

Penalties :
Brent Seabrook (CGY) for Holding (Minor) at 1:26, Filip Forsberg (CGY) for Holding (Minor) at 4:04, Ian Cole (CGY) for High sticking (Minor) at 12:48

3rd period

3. SALEM BLACK JAYS , Mikko Rantanen 31 (Dylan Larkin 42, Mitchell Marner 41) at 14:00

Penalties :
Kyle Clifford (SAL) for Holding (Minor) at 17:22

Goalie Stats

Devan Dubnyk (CGY), 23 saves from 24 shots - (0,958), W, 34-16-5, 60:00 minutes
Mike Smith (SAL), 26 saves from 28 shots - (0,929), L, 27-21-4, 59:30 minutes

Players Stats for CALGARY FIREMEN

Player Name              G  A  P  +/- PIM S  H  SB GA TA FO     MP     PP MP  PK MP  
------------------------------------------------------------------------------------
Adam Henrique            0  0  0  -1  0   2  2  0  0  0  4/11   16:55   0:49   0:00 
Andy Greene              0  0  0   1  0   1  1  3  0  0  0/0    23:48   0:00   3:10 
Brent Seabrook           0  0  0   0  2   2  3  1  0  0  0/0    17:06   0:49   2:02 
Brett Howden             0  0  0   0  0   0  1  0  0  0  3/5     7:46   0:00   3:06 
Colton Sceviour          0  0  0   0  0   0  1  0  0  0  0/0     7:31   0:00   2:51 
Filip Forsberg           2  0  2   2  2   9  5  0  0  0  0/0    19:35   1:10   0:00 
Ian Cole                 0  0  0   1  2   1  3  1  0  0  0/0    22:19   0:00   1:42 
Luke Glendening          0  0  0   0  0   0  1  0  0  0  8/16   15:43   0:00   2:51 
Marcus Sorensen          0  0  0   0  0   0  0  0  0  0  0/0     4:40   0:00   0:00 
Mats Zuccarello          0  0  0  -1  0   2  2  1  0  0  1/2    16:55   0:49   0:00 
Niklas Kronwall          0  0  0   0  0   0  1  0  0  0  0/0    17:52   0:49   2:47 
Noah Hanifin             0  0  0   0  0   0  0  0  0  0  0/0    18:20   1:10   0:00 
Oskar Lindblom           0  0  0   0  0   2  0  0  0  0  1/1    15:58   0:00   3:06 
Ryan Graves              0  0  0   0  0   1  1  0  0  0  0/0    20:33   1:10   2:13 
Ryan Johansen            0  2  2   2  0   1  1  0  0  0  12/25  19:36   1:10   0:00 
Tomas Tatar              0  0  0  -1  0   3  1  0  0  0  1/2    16:55   0:49   0:00 
Tyler Johnson            0  0  0   0  0   0  1  0  0  0  0/0    12:52   0:00   0:00 
Viktor Arvidsson         0  2  2   2  0   4  0  0  0  0  1/1    19:36   1:10   0:00 

Players Stats for SALEM BLACK JAYS

Player Name              G  A  P  +/- PIM S  H  SB GA TA FO     MP     PP MP  PK MP  
------------------------------------------------------------------------------------
Adam Larsson             0  0  0   0  0   0  1  2  0  0  0/0    13:18   0:00   0:00 
Anthony DeAngelo         0  0  0   0  0   0  0  0  0  0  0/0     8:13   3:32   0:00 
Casey Cizikas            0  0  0  -1  0   3  1  0  0  0  7/10   23:38   2:20   1:08 
Cody Ceci                0  0  0   0  0   2  0  2  0  0  0/0    21:33   2:25   1:03 
Dylan Larkin             0  1  1   0  0   2  1  0  0  0  8/15   22:20   2:20   0:51 
Jason Demers             0  0  0   0  0   0  1  2  0  0  0/0    13:18   0:00   0:00 
Jimmy Schuldt            0  0  0   0  0   0  0  0  0  0  0/0     0:00   0:00   0:00 
Joshua Morrissey         0  0  0   0  0   2  0  0  0  0  0/0    27:21   3:32   1:03 
Kyle Clifford            0  0  0   0  2   0  1  0  0  0  0/0    12:22   0:00   0:00 
Marcus Johansson         0  0  0   0  0   0  2  0  0  0  0/0    19:46   3:37   0:00 
Martin Necas             0  0  0  -1  0   1  0  0  0  0  0/0     6:50   1:12   0:00 
Mathew Barzal            0  0  0   0  0   2  0  0  0  0  9/23   20:24   3:37   0:00 
Michal Kempny            0  0  0  -1  0   0  0  1  0  0  0/0    19:21   2:25   0:56 
Mikko Rantanen           1  0  1   0  0   5  1  0  0  0  0/1    18:00   0:00   0:00 
Mitchell Marner          0  1  1   0  0   6  0  1  0  0  1/3    22:06   2:20   1:08 
Par Lindholm             0  0  0  -1  0   0  0  0  0  0  5/9    19:18   2:25   0:51 
Scott Mayfield           0  0  0  -1  0   0  1  1  0  0  0/0    16:56   0:00   0:56 
Trevor Lewis             0  0  0   0  0   1  1  1  0  0  2/2    13:16   0:00   0:00 

3 Stars

1 - Filip Forsberg (CGY)
2 - Ryan Johansen (CGY)
3 - Viktor Arvidsson (CGY)

Power Play

CALGARY FIREMEN - 0 on 1 Attempt(s) - 0,00%
SALEM BLACK JAYS - 0 on 3 Attempt(s) - 0,00%

Penalty Kill

CALGARY FIREMEN - 3 on 3 Attempt(s) - 100,00% - Score 0 goal in Penalty Kill
SALEM BLACK JAYS - 1 on 1 Attempt(s) - 100,00% - Score 0 goal in Penalty Kill

Team Stat

CALGARY FIREMEN - Hits : 24 - Faceoff Wins : 31 - Blocked Shots : 6 - Penalty Minutes : 6
SALEM BLACK JAYS - Hits : 10 - Faceoff Wins : 32 - Blocked Shots : 10 - Penalty Minutes : 2

Official

Referees : Rob Martell and Andrew Thackaberry
Linesman : Jack Millea and Kevin Keenan

Game Notes

No Game Note

Finance

Level 1 -- Attendance: 6000 (100,00%) -- Ticket Income 660 000 $
Level 2 -- Attendance: 5000 (100,00%) -- Ticket Income 350 000 $
Level 3 -- Attendance: 2000 (100,00%) -- Ticket Income 90 000 $
Level 4 -- Attendance: 4000 (100,00%) -- Ticket Income 140 000 $
Luxury Box -- Attendance: 999 (99,90%) -- Ticket Income 209 790 $
Game was played at the Demon Arena.
Total Attendance: 17999 (99,99%)
Total Ticket Income: 1 449 790 $
Other Income: 434 937 $
Total Income: 1 884 727 $

CALGARY FIREMEN

5 vs 5 Forward 
   Center                   Left Wing                Right Wing               Time % Phy DF OF 
 1 Ryan Johansen            Filip Forsberg           Viktor Arvidsson         34     0   1  4  
 2 Adam Henrique            Tomas Tatar              Mats Zuccarello          31     1   1  3  
 3 Luke Glendening          Oskar Lindblom           Tyler Johnson            25     1   2  2  
 4 Brett Howden             Marcus Sorensen          Colton Sceviour          10     1   3  1  

5 vs 5 Defense 
   Defense                  Defense                                           Time % Phy DF OF 
 1 Andy Greene              Ian Cole                                          34     1   2  2  
 2 Ryan Graves              Noah Hanifin                                      31     0   2  3  
 3 Brent Seabrook           Niklas Kronwall                                   25     1   2  2  
 4 Andy Greene              Ian Cole                                          10     1   3  1  

PowerPlay Forward 
   Center                   Left Wing                Right Wing               Time % Phy DF OF 
 1 Ryan Johansen            Filip Forsberg           Viktor Arvidsson         50     0   0  5  
 2 Adam Henrique            Tomas Tatar              Mats Zuccarello          50     0   0  5  

PowerPlay Defense
   Defense                  Defense                                           Time % Phy DF OF 
 1 Noah Hanifin             Ryan Graves                                       50     0   0  5  
 2 Brent Seabrook           Niklas Kronwall                                   50     0   0  5  

Penalty Kill 4 Players Forward 
   Center                   Wing                     Time % Phy DF OF 
 1 Luke Glendening          Colton Sceviour          50     1   3  1  
 2 Brett Howden             Oskar Lindblom           50     1   3  1  

Penalty Kill 4 Players Defense
   Defense                  Defense                  Time % Phy DF OF 
 1 Andy Greene              Brent Seabrook           50     1   4  0  
 2 Ian Cole                 Niklas Kronwall          50     1   4  0  

Penalty Kill - 3 Players Forward 
   Forward                                           Time % Phy DF OF 
 1 Luke Glendening                                   50     0   5  0  
 2 Colton Sceviour                                   50     0   5  0  

Penalty Kill - 3 Players Defense
   Defense                  Defense                  Time % Phy DF OF 
 1 Andy Greene              Ryan Graves              50     0   5  0  
 2 Ian Cole                 Niklas Kronwall          50     0   5  0  

4 vs 4 Forward 
   Center                   Wing                     Time % Phy DF OF 
 1 Ryan Johansen            Tomas Tatar              55     1   2  2  
 2 Adam Henrique            Viktor Arvidsson         45     1   2  2  

4 vs 4 Defense
   Defense                  Defense                  Time % Phy DF OF 
 1 Andy Greene              Brent Seabrook           55     1   2  2  
 2 Ian Cole                 Niklas Kronwall          45     1   2  2  

Last Minutes Offensive
   Center                   Left Wing                Right Wing               Defense                  Defense                  
   Ryan Johansen            Filip Forsberg           Viktor Arvidsson         Noah Hanifin             Ryan Graves              

Last Minutes Defensive
   Center                   Left Wing                Right Wing               Defense                  Defense                  
   Ryan Johansen            Filip Forsberg           Viktor Arvidsson         Andy Greene              Ian Cole                 

Goaltenders
Starting : Devan Dubnyk             
Backup : Keith Kinkaid            

Extra Forwards
Normal : Adam Henrique, Filip Forsberg, Viktor Arvidsson - PP : Oskar Lindblom, Filip Forsberg - PK : Oskar Lindblom
Extra Defensemen
Normal : Ryan Graves, Brent Seabrook, Ian Cole - PP : Niklas Kronwall - PK : Ryan Graves, Ian Cole
Penalty Shots
Filip Forsberg, Tomas Tatar, Viktor Arvidsson, Oskar Lindblom, Ryan Johansen
Custom OT Lines Forwards
Ryan Johansen, Filip Forsberg, Viktor Arvidsson, Mats Zuccarello, Adam Henrique, Tomas Tatar, Tyler Johnson, Brett Howden, Oskar Lindblom, Colton Sceviour
Custom OT Lines Defensemen
Andy Greene, Brent Seabrook, Ian Cole, Noah Hanifin, Niklas Kronwall

Scratches
Jeff Kubiak (Healthy), Jonathon Merrill (Healthy), Kyle Bauman (Healthy), Shane Hanna (Healthy)

SALEM BLACK JAYS

5 vs 5 Forward 
   Center                   Left Wing                Right Wing               Time % Phy DF OF 
 1 Dylan Larkin             Mikko Rantanen           Mitchell Marner          36     0   1  4  
 2 Mathew Barzal            Marcus Johansson         Casey Cizikas            36     0   1  4  
 3 Casey Cizikas            Par Lindholm             Martin Necas             20     1   2  2  
 4 Par Lindholm             Kyle Clifford            Trevor Lewis             8      3   2  0  

5 vs 5 Defense 
   Defense                  Defense                                           Time % Phy DF OF 
 1 Joshua Morrissey         Cody Ceci                                         36     1   2  2  
 2 Michal Kempny            Scott Mayfield                                    31     1   2  2  
 3 Jason Demers             Adam Larsson                                      23     1   3  1  
 4 Joshua Morrissey         Anthony DeAngelo                                  10     1   3  1  

PowerPlay Forward 
   Center                   Left Wing                Right Wing               Time % Phy DF OF 
 1 Dylan Larkin             Casey Cizikas            Mitchell Marner          55     0   0  5  
 2 Mathew Barzal            Marcus Johansson         Par Lindholm             45     0   0  5  

PowerPlay Defense
   Defense                  Defense                                           Time % Phy DF OF 
 1 Joshua Morrissey         Anthony DeAngelo                                  55     1   2  2  
 2 Cody Ceci                Michal Kempny                                     45     1   2  2  

Penalty Kill 4 Players Forward 
   Center                   Wing                     Time % Phy DF OF 
 1 Casey Cizikas            Mitchell Marner          55     1   3  1  
 2 Dylan Larkin             Par Lindholm             45     1   3  1  

Penalty Kill 4 Players Defense
   Defense                  Defense                  Time % Phy DF OF 
 1 Joshua Morrissey         Cody Ceci                55     1   3  1  
 2 Michal Kempny            Scott Mayfield           45     1   3  1  

Penalty Kill - 3 Players Forward 
   Forward                                           Time % Phy DF OF 
 1 Casey Cizikas                                     55     1   2  2  
 2 Dylan Larkin                                      45     1   2  2  

Penalty Kill - 3 Players Defense
   Defense                  Defense                  Time % Phy DF OF 
 1 Joshua Morrissey         Cody Ceci                55     1   3  1  
 2 Michal Kempny            Scott Mayfield           45     1   3  1  

4 vs 4 Forward 
   Center                   Wing                     Time % Phy DF OF 
 1 Mathew Barzal            Mitchell Marner          55     1   2  2  
 2 Dylan Larkin             Casey Cizikas            45     1   2  2  

4 vs 4 Defense
   Defense                  Defense                  Time % Phy DF OF 
 1 Joshua Morrissey         Anthony DeAngelo         55     1   2  2  
 2 Cody Ceci                Michal Kempny            45     1   2  2  

Last Minutes Offensive
   Center                   Left Wing                Right Wing               Defense                  Defense                  
   Dylan Larkin             Mathew Barzal            Mitchell Marner          Joshua Morrissey         Anthony DeAngelo         

Last Minutes Defensive
   Center                   Left Wing                Right Wing               Defense                  Defense                  
   Dylan Larkin             Mathew Barzal            Mitchell Marner          Joshua Morrissey         Anthony DeAngelo         

Goaltenders
Starting : Mike Smith               
Backup : Juuse Saros              

Extra Forwards
Normal : Par Lindholm, Martin Necas, Mitchell Marner - PP : Martin Necas, Par Lindholm - PK : Mathew Barzal
Extra Defensemen
Normal : Michal Kempny, Scott Mayfield, Anthony DeAngelo - PP : Michal Kempny - PK : Scott Mayfield, Anthony DeAngelo
Penalty Shots
Dylan Larkin, Mitchell Marner, Martin Necas, Mathew Barzal, Marcus Johansson
Custom OT Lines Forwards
Dylan Larkin, Mitchell Marner, Kyle Clifford, Mathew Barzal, Mikko Rantanen, Marcus Johansson, Martin Necas, Casey Cizikas, Par Lindholm, Trevor Lewis
Custom OT Lines Defensemen
Joshua Morrissey, Cody Ceci, Anthony DeAngelo, Adam Larsson, Michal Kempny

Scratches
Andrew Welinski (Healthy), Calle Rosen (Healthy), Devante Stephens (Healthy), Matthew Calvert (Healthy), Nicolas Kerdiles (Healthy)
Scott Kosmachuk (Healthy), Harri Sateri (Healthy)

% Time on Ice - CALGARY FIREMEN

Lines # - Real PCT - Wanted PCT - Time Play
Normal Forward
1 - 35% - 34% - 17:48
2 - 31% - 31% - 16:06
3 - 25% - 25% - 12:52
4 - 9% - 10% - 4:40
Normal Defense
1 - 32% - 34% - 16:20
2 - 33% - 31% - 17:10
3 - 28% - 25% - 14:16
4 - 7% - 10% - 3:40
PP Forward
1 - 59% - 50% - 1:10
2 - 41% - 50% - 0:49
PP Defense
1 - 59% - 50% - 1:10
2 - 41% - 50% - 0:49
PK Forward
1 - 48% - 50% - 2:51
2 - 52% - 50% - 3:06
PK Defense
1 - 48% - 50% - 2:53
2 - 52% - 50% - 3:04
PK3 Forward
1 - 0% - 50%
2 - 0% - 50%
PK3 Defense
1 - 0% - 50%
2 - 0% - 50%
44 Forward
1 - 0% - 55%
2 - 0% - 45%
44 Defense
1 - 0% - 55%
2 - 0% - 45%
Last Minute Offensive  - 0:00
Last Minute Defensive  - 0:38
Total
Forward - 60:00
Defense - 60:00

% Time on Ice - SALEM BLACK JAYS

Lines # - Real PCT - Wanted PCT - Time Play
Normal Forward
1 - 35% - 36% - 18:00
2 - 31% - 36% - 16:09
3 - 10% - 20% - 4:54
4 - 24% - 8% - 12:23
Normal Defense
1 - 35% - 36% - 18:05
2 - 31% - 31% - 16:00
3 - 26% - 23% - 13:18
4 - 8% - 10% - 4:03
PP Forward
1 - 39% - 55% - 2:20
2 - 61% - 45% - 3:37
PP Defense
1 - 59% - 55% - 3:32
2 - 41% - 45% - 2:25
PK Forward
1 - 57% - 55% - 1:08
2 - 43% - 45% - 0:51
PK Defense
1 - 53% - 55% - 1:03
2 - 47% - 45% - 0:56
PK3 Forward
1 - 0% - 55%
2 - 0% - 45%
PK3 Defense
1 - 0% - 55%
2 - 0% - 45%
44 Forward
1 - 0% - 55%
2 - 0% - 45%
44 Defense
1 - 0% - 55%
2 - 0% - 45%
Last Minute Offensive  - 0:38
Last Minute Defensive  - 0:00
Total
Forward - 60:00
Defense - 60:00

Play-by-Play

1st period


0:01 of 1st period - Dylan Larkin wins face-off versus Ryan Johansen in neutral zone.
0:32 of 1st period - Icing by Filip Forsberg.
0:33 of 1st period - Ryan Johansen wins face-off versus Mathew Barzal in CALGARY FIREMEN zone.
1:32 of 1st period - Shot by Tomas Tatar.
1:32 of 1st period - Shot Misses the Net.
2:36 of 1st period - Shot by Luke Glendening.
2:36 of 1st period - Shot Blocked by Adam Larsson.
5:01 of 1st period - Shot by Mikko Rantanen.
5:01 of 1st period - Stopped by Devan Dubnyk with a rebound.
5:38 of 1st period - Shot by Mathew Barzal.
5:38 of 1st period - Stopped by Devan Dubnyk with a rebound.
5:50 of 1st period - Brent Seabrook is hit by Marcus Johansson and loses puck.
5:58 of 1st period - Viktor Arvidsson is hit by Scott Mayfield and loses puck.
7:26 of 1st period - Shot by Brett Howden.
7:26 of 1st period - Shot Misses the Net.
8:03 of 1st period - Icing by Viktor Arvidsson.
8:04 of 1st period - Ryan Johansen wins face-off versus Mathew Barzal in CALGARY FIREMEN zone.
8:10 of 1st period - Icing by Filip Forsberg.
8:11 of 1st period - Mathew Barzal wins face-off versus Ryan Johansen in CALGARY FIREMEN zone.
8:55 of 1st period - Shot by Oskar Lindblom.
8:55 of 1st period - Stopped by Mike Smith with a rebound.
8:57 of 1st period - Shot by Ryan Graves.
8:57 of 1st period - Stopped by Mike Smith without a rebound.
8:58 of 1st period - Adam Henrique wins face-off versus Dylan Larkin in SALEM BLACK JAYS zone.
9:03 of 1st period - Shot by Tomas Tatar.
9:03 of 1st period - Shot Misses the Net.
9:27 of 1st period - Shot by Adam Henrique.
9:27 of 1st period - Shot Misses the Net.
9:29 of 1st period - Shot by Brent Seabrook.
9:29 of 1st period - Stopped by Mike Smith without a rebound.
9:30 of 1st period - Par Lindholm wins face-off versus Ryan Johansen in SALEM BLACK JAYS zone.
9:30 of 1st period - Par Lindholm is hit by Filip Forsberg.
10:26 of 1st period - Shot by Mitchell Marner.
10:26 of 1st period - Stopped by Devan Dubnyk without a rebound.
10:27 of 1st period - Oskar Lindblom wins face-off versus Mathew Barzal in CALGARY FIREMEN zone.
10:44 of 1st period - Ian Cole is hit by Marcus Johansson and loses puck.
10:53 of 1st period - Icing by Ian Cole.
10:54 of 1st period - Luke Glendening wins face-off versus Dylan Larkin in CALGARY FIREMEN zone.
11:34 of 1st period - Shot by Dylan Larkin.
11:34 of 1st period - Stopped by Devan Dubnyk without a rebound.
11:35 of 1st period - Mathew Barzal wins face-off versus Mats Zuccarello in CALGARY FIREMEN zone.
11:58 of 1st period - Michal Kempny is hit by Adam Henrique and loses puck.
12:07 of 1st period - Shot by Marcus Johansson.
12:07 of 1st period - Shot Misses the Net.
12:09 of 1st period - Shot by Casey Cizikas.
12:09 of 1st period - Stopped by Devan Dubnyk without a rebound.
12:10 of 1st period - Trevor Lewis wins face-off versus Ryan Johansen in CALGARY FIREMEN zone.
12:37 of 1st period - Shot by Filip Forsberg.
12:37 of 1st period - Shot Blocked by Cody Ceci.
13:17 of 1st period - Shot by Oskar Lindblom.
13:17 of 1st period - Stopped by Mike Smith with a rebound.
13:19 of 1st period - Shot by Ian Cole.
13:19 of 1st period - Stopped by Mike Smith with a rebound.
13:37 of 1st period - Shot by Oskar Lindblom.
13:37 of 1st period - Shot Misses the Net.
13:39 of 1st period - Shot by Andy Greene.
13:39 of 1st period - Shot Misses the Net.
14:29 of 1st period - Shot by Mitchell Marner.
14:29 of 1st period - Stopped by Devan Dubnyk without a rebound.
14:30 of 1st period - Mathew Barzal wins face-off versus Ryan Johansen in CALGARY FIREMEN zone.
15:59 of 1st period - Shot by Dylan Larkin.
15:59 of 1st period - Shot Blocked by Ian Cole.
16:01 of 1st period - Shot by Dylan Larkin.
16:01 of 1st period - Shot Misses the Net.
16:03 of 1st period - Shot by Dylan Larkin.
16:03 of 1st period - Stopped by Devan Dubnyk without a rebound.
16:04 of 1st period - Adam Henrique wins face-off versus Dylan Larkin in CALGARY FIREMEN zone.
16:09 of 1st period - Dylan Larkin is hit by Tomas Tatar and loses puck.
16:49 of 1st period - Shot by Mats Zuccarello.
16:49 of 1st period - Deflect By Tomas Tatar.
16:49 of 1st period - Shot Blocked by Michal Kempny.
17:17 of 1st period - Kyle Clifford is hit by Luke Glendening and loses puck.
17:28 of 1st period - Jason Demers is hit by Tyler Johnson and loses puck.
18:02 of 1st period - Mikko Rantanen is hit by Ryan Johansen and loses puck.
18:18 of 1st period - Icing by Joshua Morrissey.
18:19 of 1st period - Brett Howden wins face-off versus Dylan Larkin in SALEM BLACK JAYS zone.
18:35 of 1st period - Cody Ceci is hit by Colton Sceviour and loses puck.
19:08 of 1st period - Shot by Filip Forsberg.
19:08 of 1st period - Shot Blocked by Mitchell Marner.
19:18 of 1st period - Shot by Viktor Arvidsson.
19:18 of 1st period - Shot Blocked by Cody Ceci.
19:20 of 1st period - Shot by Filip Forsberg.
19:20 of 1st period - Stopped by Mike Smith without a rebound.
19:21 of 1st period - Mats Zuccarello wins face-off versus Mathew Barzal in SALEM BLACK JAYS zone.
Goals for this period are 0 for CALGARY FIREMEN vs 0 for SALEM BLACK JAYS.
Shots for this period are 6 for CALGARY FIREMEN vs 7 for SALEM BLACK JAYS.

2nd period


0:01 of 2nd period - Casey Cizikas wins face-off versus Ryan Johansen in neutral zone.
0:08 of 2nd period - Icing by Ryan Johansen.
0:09 of 2nd period - Ryan Johansen wins face-off versus Casey Cizikas in CALGARY FIREMEN zone.
1:06 of 2nd period - Dylan Larkin is hit by Filip Forsberg and loses puck.
1:26 of 2nd period - Minor Penalty to Brent Seabrook for Holding.
1:27 of 2nd period - Luke Glendening wins face-off versus Mathew Barzal in CALGARY FIREMEN zone.
1:35 of 2nd period - Icing by Marcus Johansson.
1:36 of 2nd period - Luke Glendening wins face-off versus Mathew Barzal in SALEM BLACK JAYS zone.
2:47 of 2nd period - Shot by Casey Cizikas.
2:47 of 2nd period - Shot Misses the Net.
3:27 of 2nd period - Shot by Trevor Lewis.
3:27 of 2nd period - Shot Blocked by Mats Zuccarello.
3:57 of 2nd period - Shot by Tomas Tatar.
3:57 of 2nd period - Stopped by Mike Smith without a rebound.
3:58 of 2nd period - Mathew Barzal wins face-off versus Ryan Johansen in SALEM BLACK JAYS zone.
4:04 of 2nd period - Minor Penalty to Filip Forsberg for Holding.
4:05 of 2nd period - Luke Glendening wins face-off versus Mathew Barzal in CALGARY FIREMEN zone.
5:18 of 2nd period - Shot by Dylan Larkin.
5:18 of 2nd period - Shot Blocked by Andy Greene.
5:20 of 2nd period - Shot by Casey Cizikas.
5:20 of 2nd period - Shot Misses the Net.
5:22 of 2nd period - Shot by Dylan Larkin.
5:22 of 2nd period - Shot Misses the Net.
5:24 of 2nd period - Shot by Dylan Larkin.
5:24 of 2nd period - Deflect By Mitchell Marner.
5:24 of 2nd period - Shot Misses the Net.
5:26 of 2nd period - Shot by Dylan Larkin.
5:26 of 2nd period - Shot Misses the Net.
6:27 of 2nd period - Shot by Mitchell Marner.
6:27 of 2nd period - Shot Misses the Net.
6:31 of 2nd period - Shot by Mitchell Marner.
6:31 of 2nd period - Deflect By Mikko Rantanen.
6:31 of 2nd period - Shot Misses the Net.
7:16 of 2nd period - Shot by Mats Zuccarello.
7:16 of 2nd period - Deflect By Adam Henrique.
7:16 of 2nd period - Shot Misses the Net.
7:30 of 2nd period - Shot by Tomas Tatar.
7:30 of 2nd period - Stopped by Mike Smith without a rebound.
7:31 of 2nd period - Luke Glendening wins face-off versus Mathew Barzal in SALEM BLACK JAYS zone.
7:32 of 2nd period - Shot by Oskar Lindblom.
7:32 of 2nd period - Shot Misses the Net.
7:44 of 2nd period - Shot by Marcus Johansson.
7:44 of 2nd period - Shot Hit the Post.
7:46 of 2nd period - Shot by Joshua Morrissey.
7:46 of 2nd period - Stopped by Devan Dubnyk without a rebound.
7:47 of 2nd period - Casey Cizikas wins face-off versus Brett Howden in CALGARY FIREMEN zone.
7:50 of 2nd period - Shot by Martin Necas.
7:50 of 2nd period - Deflect By Casey Cizikas.
7:50 of 2nd period - Stopped by Devan Dubnyk without a rebound.
7:51 of 2nd period - Mathew Barzal wins face-off versus Luke Glendening in CALGARY FIREMEN zone.
9:13 of 2nd period - Shot by Mats Zuccarello.
9:13 of 2nd period - Stopped by Mike Smith without a rebound.
9:14 of 2nd period - Dylan Larkin wins face-off versus Ryan Johansen in SALEM BLACK JAYS zone.
9:21 of 2nd period - Icing by Jason Demers.
9:22 of 2nd period - Ryan Johansen wins face-off versus Dylan Larkin in SALEM BLACK JAYS zone.
9:22 of 2nd period - Ryan Johansen is hit by Jason Demers.
9:26 of 2nd period - Shot by Filip Forsberg.
9:26 of 2nd period - Stopped by Mike Smith without a rebound.
9:27 of 2nd period - Tomas Tatar wins face-off versus Mitchell Marner in SALEM BLACK JAYS zone.
9:57 of 2nd period - Mitchell Marner is hit by Ryan Graves and loses puck.
10:32 of 2nd period - Shot by Ryan Johansen.
10:32 of 2nd period - Stopped by Mike Smith with a rebound.
10:44 of 2nd period - Shot by Viktor Arvidsson.
10:44 of 2nd period - Stopped by Mike Smith with a rebound.
10:58 of 2nd period - Shot by Filip Forsberg.
10:58 of 2nd period - Goal by Filip Forsberg - CALGARY FIREMEN : 1 - SALEM BLACK JAYS : 0.
10:59 of 2nd period - Mathew Barzal wins face-off versus Luke Glendening in neutral zone.
12:08 of 2nd period - Shot by Filip Forsberg.
12:08 of 2nd period - Stopped by Mike Smith without a rebound.
12:09 of 2nd period - Ryan Johansen wins face-off versus Par Lindholm in SALEM BLACK JAYS zone.
12:16 of 2nd period - Shot by Ryan Johansen.
12:16 of 2nd period - Shot Blocked by Trevor Lewis.
12:48 of 2nd period - Minor Penalty to Ian Cole for High sticking.
12:49 of 2nd period - Brett Howden wins face-off versus Dylan Larkin in CALGARY FIREMEN zone.
13:52 of 2nd period - Shot by Mathew Barzal.
13:52 of 2nd period - Stopped by Devan Dubnyk with a rebound.
13:58 of 2nd period - Shot by Cody Ceci.
13:58 of 2nd period - Stopped by Devan Dubnyk without a rebound.
13:59 of 2nd period - Mathew Barzal wins face-off versus Luke Glendening in CALGARY FIREMEN zone.
15:04 of 2nd period - Shot by Tomas Tatar.
15:04 of 2nd period - Stopped by Mike Smith without a rebound.
15:05 of 2nd period - Par Lindholm wins face-off versus Ryan Johansen in SALEM BLACK JAYS zone.
15:12 of 2nd period - Kyle Clifford is hit by Filip Forsberg and loses puck.
15:23 of 2nd period - Shot by Filip Forsberg.
15:23 of 2nd period - Stopped by Mike Smith without a rebound.
15:24 of 2nd period - Dylan Larkin wins face-off versus Adam Henrique in SALEM BLACK JAYS zone.
15:51 of 2nd period - Shot by Mikko Rantanen.
15:51 of 2nd period - Stopped by Devan Dubnyk without a rebound.
15:52 of 2nd period - Casey Cizikas wins face-off versus Luke Glendening in CALGARY FIREMEN zone.
15:57 of 2nd period - Shot by Martin Necas.
15:57 of 2nd period - Stopped by Devan Dubnyk without a rebound.
15:58 of 2nd period - Ryan Johansen wins face-off versus Casey Cizikas in CALGARY FIREMEN zone.
16:06 of 2nd period - Off-side.
16:07 of 2nd period - Luke Glendening wins face-off versus Mathew Barzal in neutral zone.
16:20 of 2nd period - Mathew Barzal is hit by Ian Cole and loses puck.
16:30 of 2nd period - Icing by Cody Ceci.
16:31 of 2nd period - Ryan Johansen wins face-off versus Mathew Barzal in SALEM BLACK JAYS zone.
16:42 of 2nd period - Shot by Filip Forsberg.
16:42 of 2nd period - Shot Misses the Net.
16:44 of 2nd period - Shot by Filip Forsberg.
16:44 of 2nd period - Stopped by Mike Smith without a rebound.
16:45 of 2nd period - Dylan Larkin wins face-off versus Adam Henrique in SALEM BLACK JAYS zone.
16:45 of 2nd period - Dylan Larkin is hit by Mats Zuccarello.
17:06 of 2nd period - Shot by Adam Henrique.
17:06 of 2nd period - Stopped by Mike Smith with a rebound.
17:08 of 2nd period - Shot by Andy Greene.
17:08 of 2nd period - Shot Misses the Net.
17:10 of 2nd period - Shot by Andy Greene.
17:10 of 2nd period - Shot Blocked by Scott Mayfield.
17:54 of 2nd period - Shot by Filip Forsberg.
17:54 of 2nd period - Goal by Filip Forsberg - CALGARY FIREMEN : 2 - SALEM BLACK JAYS : 0.
17:55 of 2nd period - Casey Cizikas wins face-off versus Luke Glendening in neutral zone.
18:06 of 2nd period - Icing by Casey Cizikas.
18:07 of 2nd period - Casey Cizikas wins face-off versus Ryan Johansen in SALEM BLACK JAYS zone.
18:53 of 2nd period - Shot by Viktor Arvidsson.
18:53 of 2nd period - Stopped by Mike Smith with a rebound.
Goals for this period are 2 for CALGARY FIREMEN vs 0 for SALEM BLACK JAYS.
Shots for this period are 14 for CALGARY FIREMEN vs 6 for SALEM BLACK JAYS.

3rd period


0:01 of 3rd period - Adam Henrique wins face-off versus Mathew Barzal in neutral zone.
0:20 of 3rd period - Shot by Mats Zuccarello.
0:20 of 3rd period - Deflect By Adam Henrique.
0:20 of 3rd period - Shot Misses the Net.
1:21 of 3rd period - Shot by Viktor Arvidsson.
1:21 of 3rd period - Shot Misses the Net.
1:53 of 3rd period - Noah Hanifin is hit by Casey Cizikas and loses puck.
2:40 of 3rd period - Icing by Ian Cole.
2:41 of 3rd period - Par Lindholm wins face-off versus Brett Howden in CALGARY FIREMEN zone.
3:01 of 3rd period - Shot by Colton Sceviour.
3:01 of 3rd period - Shot Blocked by Adam Larsson.
3:43 of 3rd period - Shot by Adam Henrique.
3:43 of 3rd period - Stopped by Mike Smith with a rebound.
3:45 of 3rd period - Shot by Tomas Tatar.
3:45 of 3rd period - Shot Misses the Net.
3:47 of 3rd period - Shot by Tomas Tatar.
3:47 of 3rd period - Shot Hit the Post.
3:49 of 3rd period - Shot by Adam Henrique.
3:49 of 3rd period - Shot Blocked by Jason Demers.
3:51 of 3rd period - Shot by Brent Seabrook.
3:51 of 3rd period - Stopped by Mike Smith with a rebound.
4:38 of 3rd period - Shot by Mitchell Marner.
4:38 of 3rd period - Stopped by Devan Dubnyk without a rebound.
4:39 of 3rd period - Dylan Larkin wins face-off versus Luke Glendening in CALGARY FIREMEN zone.
4:40 of 3rd period - Shot by Mitchell Marner.
4:40 of 3rd period - Shot Blocked by Andy Greene.
4:44 of 3rd period - Shot by Mikko Rantanen.
4:44 of 3rd period - Stopped by Devan Dubnyk without a rebound.
4:45 of 3rd period - Viktor Arvidsson wins face-off versus Mikko Rantanen in CALGARY FIREMEN zone.
4:55 of 3rd period - Ryan Graves is hit by Dylan Larkin and loses puck.
5:34 of 3rd period - Icing by Noah Hanifin.
5:35 of 3rd period - Ryan Johansen wins face-off versus Mathew Barzal in CALGARY FIREMEN zone.
5:53 of 3rd period - Icing by Joshua Morrissey.
5:54 of 3rd period - Mathew Barzal wins face-off versus Adam Henrique in SALEM BLACK JAYS zone.
6:17 of 3rd period - Shot by Mats Zuccarello.
6:17 of 3rd period - Shot Misses the Net.
6:19 of 3rd period - Shot by Andy Greene.
6:19 of 3rd period - Shot Misses the Net.
6:57 of 3rd period - Mathew Barzal is hit by Brent Seabrook and loses puck.
7:21 of 3rd period - Mitchell Marner is hit by Brent Seabrook and loses puck.
7:41 of 3rd period - Mitchell Marner is hit by Brent Seabrook and loses puck.
7:46 of 3rd period - Shot by Mikko Rantanen.
7:46 of 3rd period - Stopped by Devan Dubnyk without a rebound.
7:47 of 3rd period - Ryan Johansen wins face-off versus Par Lindholm in CALGARY FIREMEN zone.
9:07 of 3rd period - Off-side.
9:08 of 3rd period - Mitchell Marner wins face-off versus Luke Glendening in neutral zone.
9:15 of 3rd period - Shot by Joshua Morrissey.
9:15 of 3rd period - Shot Blocked by Brent Seabrook.
9:17 of 3rd period - Shot by Cody Ceci.
9:17 of 3rd period - Stopped by Devan Dubnyk without a rebound.
9:18 of 3rd period - Brett Howden wins face-off versus Mitchell Marner in CALGARY FIREMEN zone.
9:25 of 3rd period - Mitchell Marner is hit by Brett Howden and loses puck.
10:08 of 3rd period - Ryan Johansen is hit by Mikko Rantanen and loses puck.
10:19 of 3rd period - Shot by Viktor Arvidsson.
10:19 of 3rd period - Shot Misses the Net.
10:21 of 3rd period - Shot by Filip Forsberg.
10:21 of 3rd period - Deflect By Viktor Arvidsson.
10:21 of 3rd period - Stopped by Mike Smith without a rebound.
10:22 of 3rd period - Luke Glendening wins face-off versus Mathew Barzal in SALEM BLACK JAYS zone.
11:18 of 3rd period - Icing by Ryan Graves.
11:19 of 3rd period - Trevor Lewis wins face-off versus Luke Glendening in CALGARY FIREMEN zone.
11:31 of 3rd period - Oskar Lindblom is hit by Trevor Lewis.
11:50 of 3rd period - Viktor Arvidsson is hit by Adam Larsson and loses puck.
11:57 of 3rd period - Shot by Filip Forsberg.
11:57 of 3rd period - Shot Misses the Net.
11:59 of 3rd period - Shot by Andy Greene.
11:59 of 3rd period - Stopped by Mike Smith without a rebound.
12:00 of 3rd period - Dylan Larkin wins face-off versus Adam Henrique in SALEM BLACK JAYS zone.
12:09 of 3rd period - Shot by Mitchell Marner.
12:09 of 3rd period - Stopped by Devan Dubnyk without a rebound.
12:10 of 3rd period - Dylan Larkin wins face-off versus Ryan Johansen in CALGARY FIREMEN zone.
12:15 of 3rd period - Shot by Mitchell Marner.
12:15 of 3rd period - Stopped by Devan Dubnyk without a rebound.
12:16 of 3rd period - Mathew Barzal wins face-off versus Adam Henrique in CALGARY FIREMEN zone.
12:23 of 3rd period - Shot by Casey Cizikas.
12:23 of 3rd period - Stopped by Devan Dubnyk without a rebound.
12:24 of 3rd period - Ryan Johansen wins face-off versus Mathew Barzal in CALGARY FIREMEN zone.
14:00 of 3rd period - Shot by Mikko Rantanen.
14:00 of 3rd period - Goal by Mikko Rantanen - CALGARY FIREMEN : 2 - SALEM BLACK JAYS : 1.
14:01 of 3rd period - Luke Glendening wins face-off versus Par Lindholm in neutral zone.
14:11 of 3rd period - Tyler Johnson is hit by Kyle Clifford and loses puck.
15:14 of 3rd period - Joshua Morrissey is hit by Mats Zuccarello and loses puck.
15:48 of 3rd period - Joshua Morrissey is hit by Andy Greene and loses puck.
16:04 of 3rd period - Michal Kempny is hit by Ian Cole and loses puck.
16:08 of 3rd period - Icing by Ian Cole.
16:09 of 3rd period - Ryan Johansen wins face-off versus Dylan Larkin in CALGARY FIREMEN zone.
16:36 of 3rd period - Shot by Viktor Arvidsson.
16:36 of 3rd period - Shot Blocked by Jason Demers.
16:45 of 3rd period - Mikko Rantanen is hit by Ian Cole.
16:49 of 3rd period - Shot by Mitchell Marner.
16:49 of 3rd period - Stopped by Devan Dubnyk without a rebound.
16:50 of 3rd period - Par Lindholm wins face-off versus Tomas Tatar in CALGARY FIREMEN zone.
16:51 of 3rd period - Shot by Trevor Lewis.
16:51 of 3rd period - Stopped by Devan Dubnyk without a rebound.
16:52 of 3rd period - Adam Henrique wins face-off versus Par Lindholm in CALGARY FIREMEN zone.
16:57 of 3rd period - Icing by Mats Zuccarello.
16:58 of 3rd period - Par Lindholm wins face-off versus Adam Henrique in CALGARY FIREMEN zone.
17:00 of 3rd period - Trevor Lewis is hit by Niklas Kronwall and loses puck.
17:15 of 3rd period - Shot by Mats Zuccarello.
17:15 of 3rd period - Stopped by Mike Smith with a rebound.
17:22 of 3rd period - Minor Penalty to Kyle Clifford for Holding.
17:23 of 3rd period - Casey Cizikas wins face-off versus Ryan Johansen in SALEM BLACK JAYS zone.
17:32 of 3rd period - Joshua Morrissey is hit by Filip Forsberg and loses puck.
17:39 of 3rd period - Shot by Viktor Arvidsson.
17:39 of 3rd period - Stopped by Mike Smith with a rebound.
17:41 of 3rd period - Shot by Filip Forsberg.
17:41 of 3rd period - Stopped by Mike Smith without a rebound.
17:42 of 3rd period - Casey Cizikas wins face-off versus Adam Henrique in SALEM BLACK JAYS zone.
17:42 of 3rd period - Casey Cizikas is hit by Adam Henrique.
18:36 of 3rd period - Dylan Larkin is hit by Filip Forsberg and loses puck.
18:41 of 3rd period - Shot by Filip Forsberg.
18:41 of 3rd period - Shot Misses the Net.
18:43 of 3rd period - Shot by Filip Forsberg.
18:43 of 3rd period - Stopped by Mike Smith without a rebound.
18:44 of 3rd period - Ryan Johansen wins face-off versus Casey Cizikas in SALEM BLACK JAYS zone.
19:30 of 3rd period - SALEM BLACK JAYS, Mike Smith is pulled from the net.
19:32 of 3rd period - Shot by Dylan Larkin.
19:32 of 3rd period - Shot Blocked by Andy Greene.
19:34 of 3rd period - Shot by Joshua Morrissey.
19:34 of 3rd period - Stopped by Devan Dubnyk without a rebound.
19:35 of 3rd period - Dylan Larkin wins face-off versus Ryan Johansen in CALGARY FIREMEN zone.
Goals for this period are 0 for CALGARY FIREMEN vs 1 for SALEM BLACK JAYS.
Shots for this period are 8 for CALGARY FIREMEN vs 11 for SALEM BLACK JAYS.


NATHAN
MACKINNON
PHILLIP
DANAULT
CONNOR
MCDAVID

EAST COAST

HOCKEY LEAGUE

  • 25.QUE4CHI5
  • 26.CHA2LIM3
  • 27.TRV2LON3
  • 28.CHW4BAL2
  • 29.PITMAN
  • 30.ATLNHW
  • 31.WORPET
  • 32.RHI